 Dungeon Crawl Stone Soup version 0.31-a0-982-g1816016f30 (webtiles) character file.

Game seed: 13234352343441018741

330 BinkBink the Changeling (level 6, -5/57 HPs)
             Began as a Troll Shapeshifter on Nov 2, 2023.
             Killed by divine providence
             ... invoked by an orc priest
              (11 damage)
             ... on level 5 of the Dungeon.
             The game lasted 00:03:40 (2487 turns).

BinkBink the Changeling (Troll Shapeshifter)        Turns: 2487, Time: 00:03:48

Health: -5/57      AC:  0    Str: 29    XL:     6   Next: 26%
Magic:  5/5        EV:  7    Int:  5    God:
Gold:   131        SH:  9    Dex:  8    Spells: 5/5 levels left

rFire   + +          .
                       - Unarmed
rCold   + . .        x - +0 tower shield
rNeg    . . .        a - +0 animal skin
rPois   +            (helmet currently unavailable)
rElec   +            (cloak currently unavailable)
rCorr   +            (gloves unavailable)
SInv    .            (boots unavailable)
Will    .....        h - amulet of regeneration
Stlth   +            t - ring of protection from fire
HPRegen 1.89/turn    (no ring)
MPRegen 0.09/turn

%: no passive effects
@: beast-form, resistant, corroded, hasted, invisible, very quick
A: beast (slay +2), large, unfitting armour, claws 3, regeneration 1, shaggy fur
1, tough skin 1, horns 1, strong 1, inability to drink after injury 1
a: Begin Untransformation


You were on level 5 of the Dungeon.
You were a hulking beast.
You visited 1 branch of the dungeon, and saw 5 of its levels.

You collected 131 gold pieces.

Inventory:

Armour
 a - a +0 animal skin (worn)
 w - a +2 cloak
 x - a +0 tower shield (worn)
Jewellery
 h - an amulet of regeneration (around neck)
 t - a ring of protection from fire (left claw)
 v - a ring of protection from cold
Talismans
 c - a beast talisman (active)
 d - a flux talisman
Scrolls
 e - 11 scrolls of identify {unknown}
 f - a scroll of noise {unknown}
 g - a scroll of torment {unknown}
 j - 2 scrolls of teleportation {unknown}
 k - a scroll of amnesia {unknown}
 l - a scroll of butterflies {unknown}
 n - 3 scrolls of poison {unknown}
 p - a scroll of enchant armour {unknown}
 q - a scroll of acquirement {unknown}
 s - a scroll of revelation {unknown}
 y - a scroll of immolation {unknown}
 A - a scroll of enchant weapon {unknown}
Potions
 b - 2 potions of lignification
 u - a potion of heal wounds {unknown}
 z - a potion of enlightenment {unknown}


   Skills:
 + Level 2.3 Fighting
 + Level 2.8 Dodging
 + Level 0.0 Shields
 + Level 4.1 Unarmed Combat
 * Level 4.7 Shapeshifting


You had 5 spell levels left.
You didn't know any spells.
Your spell library contained the following spells:

 Spells                   Type           Power      Damage    Failure   Level
 Blink                    Tloc           0%         N/A       99%         2
 Lesser Beckoning         Tloc           0%         N/A       99%         2
 Momentum Strike          Conj/Tloc      0%         3d8       99%         2
 Stone Arrow              Conj/Erth      0%         3d7       100%        3
 Animate Armour           Summ/Erth      0%         N/A       100%        4
 Manifold Assault         Tloc           0%         N/A       100%        4
 Summon Ice Beast         Ice/Summ       0%         N/A       100%        4
 Summon Mana Viper        Hex/Summ       0%         N/A       100%        5
 Dispersal                Tloc           0%         N/A       100%        6
 Monstrous Menagerie      Summ           0%         N/A       100%        7
 Disjunction              Tloc           0%         N/A       100%        8
 Lehudib's Crystal Spear  Conj/Erth      0%         10d2      100%        8


Dungeon Overview and Level Annotations

Branches:
Dungeon (5/15)
 Temple: D:4-7

Altars:
Trog
Uskayaw


Innate Abilities, Weirdness & Mutations

You are a hulking beast.
Your limbs bulge with bestial killing power. (Slay +2)
You are too large for most types of armour.
You have claws for hands.
Your natural rate of healing is unusually fast.
You are covered in fur. (AC +1)
You have tough skin. (AC +1)
You have a pair of small horns on your head.
Your muscles are strong. (Str +4, Int/Dex -1)
You occasionally lose the ability to drink potions when taking damage.


Message History

The orc wizard flickers and vanishes!
Deactivating autopickup; reactivate with Ctrl-A.
The iguana bites you!
You scratch the iguana.
The iguana is heavily wounded.
The iguana bites you! You block the jelly's attack.
You scratch the jelly. The acid corrodes you!
Your claws burn!
The jelly is lightly wounded.
The orc priest looks satisfied for a moment.
You block the iguana's attack. You block the jelly's attack.
The orc closely misses you. The iguana bites you. The jelly hits you.
You are splashed with acid.
You claw the jelly!
Your claws burn!
* * * LOW HITPOINT WARNING * * *
The jelly is moderately wounded.
The orc closely misses you. The jelly hits you.
* * * LOW HITPOINT WARNING * * *
You are splashed with acid!
* * * LOW HITPOINT WARNING * * *
You block the iguana's attack.
An orc comes into view. It is wielding a +0 dagger.
Okay, then.
It was a potion of invisibility.
You fade into invisibility!
You block the jelly's attack. The iguana bites you.
* * * LOW HITPOINT WARNING * * *
The orc hits you with a +0 dagger.
* * * LOW HITPOINT WARNING * * *
It was a potion of haste.
You feel yourself speed up. The jelly completely misses you.
You block the iguana's attack. You block the orc's attack.
It was a potion of resistance.
You feel protected.
It was a potion of mutation.
You feel extremely strange.
You occasionally lose the ability to drink potions when taking damage.
A pair of horns grows on your head!
You feel stronger. You block the jelly's attack.
The orc priest invokes the aid of Beogh against you.
Beogh smites you!
You die...

#......# #......#
#......# #......#
#......#####
######.....#
#.....#
#..o.o####~#
#..oJhl~~~#
#.....o..######~#
.........+
#..o.....#
#........#
.o#####+#. . . ..


You could see an iguana (unable to see you), a jelly, an orc priest (unable to
see you) and 3 orcs.

Vanquished Creatures
  Sigmund (D:3)
  A hound (D:4)
  Robin (D:2)
  3 adders
  5 dart slugs
  An orc (D:4)
  3 bats
  6 endoplasms
  3 giant cockroaches
  20 goblins
  12 hobgoblins
  4 jackals (D:2)
  2 quokkas
  6 ball pythons
  5 frilled lizards
  4 kobolds
  5 rats
82 creatures vanquished.

Notes
Turn   | Place    | Note
-------+----------+-------------------------------------------
     0 | D:1      | BinkBink the Troll Shapeshifter began the quest for the
                  | Orb.
     0 | D:1      | Reached XP level 1. HP: 18/18 MP: 0/0
    55 | D:1      | Reached skill level 1 in Fighting
    55 | D:1      | Reached XP level 2. HP: 27/27 MP: 1/1
   422 | D:1      | Reached XP level 3. HP: 33/33 MP: 2/2
   713 | D:2      | Found a hide-covered altar of Uskayaw.
   771 | D:2      | Noticed Robin
   787 | D:2      | Killed Robin
   831 | D:2      | Reached XP level 4. HP: 41/41 MP: 3/3
  1367 | D:3      | Found a hide-covered altar of Uskayaw.
  1462 | D:3      | Found a bloodstained altar of Trog.
  1561 | D:3      | Found a faded altar of an unknown god.
  1578 | D:3      | Noticed Sigmund
  1586 | D:3      | Killed Sigmund
  1587 | D:3      | Reached XP level 5. HP: 42/49 MP: 4/4
  1587 | D:3      | Reached XP level 6. HP: 49/57 MP: 5/5
  2407 | D:5      | Entered Level 5 of the Dungeon
  2484 | D:5      | HP: 2/57 [orc/+0 dagger (3)]
  2487 | D:5      | Gained mutation: You occasionally lose the ability to drink
                  | potions when taking damage. [potion of mutation]
  2487 | D:5      | Gained mutation: You have a pair of small horns on your
                  | head. [potion of mutation]
  2487 | D:5      | Gained mutation: Your muscles are strong. (Str +4, Int/Dex
                  | -1) [potion of mutation]
  2487 | D:5      | Killed from afar by an orc priest

Illustrated notes

Levels and vault maps discovered:
D:1:      amcnicky_arrival_wind_blow, layout_rooms, st_stairs_5
D:2:      layout_basic, basic_altar, minivault_19, uniq_robin
D:3:      layout_basic, mainiacjoe_overflow_cross_hatched,
          mainiacjoe_overflow_concentric_impassable,
          ebering_ecumenical_altar_webs, uniq_sigmund
D:4:      layout_rooms, skrybe_limestone_x
D:5:      layout_gridville, mainiacjoe_sewer_entry_somewhere_in_here_2,
          minmay_fractal_squares_5

Skill      XL: |  1  2  3  4 |
---------------+-------------+-----
Fighting       | 1 2 |  2.3
Dodging        | 2 |  2.8
Unarmed Combat | 4 |  4.1
Shapeshifting  | 4 |  4.7

Action                     |  1- 3 |  4- 6 || total
---------------------------+-------+-------++-------
  Melee: Unarmed           |    94 |    78 ||   172
         Punch             |       |     4 ||     4
    Use: Potion            |       |     4 ||     4
   Stab: Sleeping          |       |     1 ||     1
 Armour: Animal skin       |    87 |    45 ||   132
  Dodge: Dodged            |    50 |    35 ||    85
  Block: Tower shield      |       |    12 ||    12
   Form: Beast             |     1 |       ||     1

Table legend: (Time is in decaauts)
 A = Elapsed time spent in this place.
 B = Non-inter-level travel time spent in this place.
 C = Inter-level travel time spent in this place.
 D = Time resting spent in this place.
 E = Time spent auto-exploring this place.
 F = Levels seen in this place.
 G = Mean time per level.
                   A        B        C        D        E       F      G
               +--------+--------+--------+--------+--------+-----+--------+
         Total |   2477 |   2349 |    128 |      0 |   1898 |   5 |  495.4 |
       Dungeon |   2477 |   2349 |    128 |      0 |   1898 |   5 |  495.4 |
               +--------+--------+--------+--------+--------+-----+--------+

Top non-repeatable levels by time:
     D:3: 659 daAuts
     D:2: 648 daAuts
     D:1: 637 daAuts
     D:4: 452 daAuts
     D:5: 80 daAuts
